 Dungeon Crawl Stone Soup version 0.17-a0-2122-g03d97ec (webtiles) character file.

51 ThoughtHunter the Gusty (level 3, 0/26 HPs)
             Began as a Demigod Air Elementalist on Oct 22, 2015.
             Slain by a giant cockroach (2 damage)
             ... on level 1 of the Dungeon.
             The game lasted 00:18:55 (1372 turns).

ThoughtHunter the Gusty (Demigod Air Elementalist)  Turns: 1372, Time: 00:18:55

Health: 0/26       AC:  2    Str: 11    XL:     3   Next: 36%
Magic:  9/9        EV: 13    Int: 21    God:
Gold:   34         SH:  0    Dex: 16    Spells: 1 memorised, 6 levels left

rFire  . . .     SeeInvis .     j - -2 club (curse)
rCold  . . .     Clarity  .     a - +0 robe
rNeg   . . .     SustAt   +     (no shield)
rPois  .         Gourm    .     (no helmet)
rElec  .         Spirit   .     (no cloak)
rCorr  .         Warding  .     (no gloves)
rMut   .         Stasis   .     (no boots)
MR     .....                    (no amulet)
Stlth  ++........               (no ring)
                                (no ring)

@: not resistant to hostile enchantments, unstealthy
A: high mp 1, sustain attributes
a: no special abilities


You were on level 1 of the Dungeon.
You were not hungry.

You visited 1 branch of the dungeon, and saw 2 of its levels.

You collected 34 gold pieces.

Inventory:

Hand Weapons
 j - a cursed -2 club (weapon)
 k - a +0 short sword
 l - a +0 mace of protection
Missiles
 e - 9 stones (quivered)
 i - 30 bolts
Armour
 a - a +0 robe (worn)
 n - a +0 leather armour
Jewellery
 h - an uncursed ring of invisibility
Scrolls
 f - 2 scrolls of teleportation
 p - 2 scrolls of identify
Potions
 d - a potion of degeneration {unknown}
 g - a potion of haste {unknown}
 m - a potion of heal wounds {unknown}
 o - 2 potions of cancellation {unknown}
 r - a potion of lignification {unknown}
Books
 b - a book of Air

   Spells                             Type                      Level
   a - Shock                          Conjuration/Air              1
   b - Swiftness                      Charms/Air                   2
   c - Repel Missiles                 Charms/Air                   2
   d - Static Discharge               Conjuration/Air              3
   e - Lightning Bolt                 Conjuration/Air              5
Comestibles
 c - a bread ration
 q - a meat ration


   Skills:
 - Level 0.1 Fighting
 + Level 2.2 Dodging
 + Level 1.8 Stealth
 * Level 2.5 Spellcasting
 + Level 1.0 Conjurations
 * Level 3.2 Air Magic


You had 6 spell levels left.
You knew the following spells:

 Your Spells              Type           Power        Failure   Level  Hunger
a - Shock                 Conj/Air       ##..         8%          1    None


Dungeon Overview and Level Annotations

Branches:
Dungeon (2/15)


Innate Abilities, Weirdness & Mutations

You have an increased reservoir of magic (+10% MP).
Your attributes are resistant to harm.


Message History

* * * LOW HITPOINT WARNING * * *
The giant cockroach bites you.
* * * LOW HITPOINT WARNING * * *
You barely miss the giant cockroach.
The giant cockroach is heavily wounded.
The giant cockroach barely misses you.
You hit the giant cockroach.
The giant cockroach is severely wounded.
The giant cockroach bites you but does no damage.
The giant cockroach closely misses you.
You hit the giant cockroach but do no damage.
The giant cockroach is severely wounded.
The giant cockroach barely misses you.
You hit the giant cockroach but do no damage.
The giant cockroach is severely wounded.
The giant cockroach barely misses you. The giant cockroach misses you.
You closely miss the giant cockroach.
The giant cockroach is severely wounded.
The giant cockroach bites you.
You die...

.#
#.....##........'.....
##
#.....###..##.###.....
##########.....# ##.##.#
#..... #..............#
#.##.# #.....
#..........########..#.#
#..... #..........#
#.........# ######
########...###.#####...#
#...#8...8# ##..#
#...###@### #.>#
#...#8.s.8# ####
#...###.###
#####.#8...8#
#.....###.###
#.###.#8...8# #
########.#
#.###.############ ##
.........#
#.###............# ##.
##########
#................###..


You could see a giant cockroach.

Vanquished Creatures
  A gnoll (D:1)
  2 oozes (D:1)
  A giant gecko (D:1)
  6 bats
  2 goblins (D:1)
  3 hobgoblins (D:1)
  2 jackals (D:1)
  6 kobolds (D:1)
  A ball python (D:1)
  3 giant cockroaches (D:1)
  3 giant newts (D:1)
  A rat (D:1)
31 creatures vanquished.

Notes
Turn   | Place    | Note
--------------------------------------------------------------
     0 | D:1      | ThoughtHunter the Demigod Air Elementalist began the quest for the Orb.
     0 | D:1      | Reached XP level 1. HP: 14/14 MP: 5/5
   178 | D:1      | Reached skill level 3 in Air Magic
   206 | D:1      | Reached XP level 2. HP: 17/20 MP: 1/7
   209 | D:1      | Reached skill level 1 in Conjurations
   579 | D:1      | Reached XP level 3. HP: 11/26 MP: 3/9
  1258 | D:1      | HP: 1/26 [giant cockroach (1)]
  1367 | D:1      | HP: 1/26 [giant cockroach (1)]
  1372 | D:1      | Slain by a giant cockroach

Vault maps used:
D:1:      dpeg_arrival_lava_temple_mockup, minmay_misc_feat_hallway
D:2:      grunt_dithmenos_smoke, kennysheep_generic_room_6

Action                   || total
-------------------------++-------
Melee: Unarmed           ||    18
       Club              ||    69
Throw: Stone             ||     3
 Cast: Shock             ||    48
  Use: Scroll            ||     3
  Eat: Chunk             ||     2
